 Dungeon Crawl Stone Soup version 0.31-a0-1616-gbeaec30b81 (webtiles) character file.

Game seed: 3966937717036307934

163 CougarLife the Chopper (level 5, -2/47 HPs)
             Began as a Minotaur Fighter on Jan 10, 2024.
             Slain by an ogre
             ... wielding a +0 giant club
              (22 damage)
             ... on level 4 of the Dungeon.
             The game lasted 00:02:29 (2565 turns).

CougarLife the Chopper (Minotaur Fighter)           Turns: 2565, Time: 00:02:30

Health: -2/47      AC:  7    Str: 23    XL:     5   Next: 20%
Magic:  4/4        EV:  9    Int:  5    God:
Gold:   193        SH:  4    Dex:  9    Spells: 4/4 levels left

rFire   . . .        a - +0 war axe
rCold   . . .        c - +0 buckler
rNeg    . . .        b - +0 scale mail
rPois   .            (helmet restricted)
rElec   .            (no cloak)
rCorr   .            (no gloves)
SInv    .            (no boots)
Will    .....        (no amulet) Stlth
                     (no ring)
HPRegen 0.27/turn    (no ring)
MPRegen 0.09/turn

%: no passive effects
@: no status effects
A: horns 2, retaliatory headbutt
a: no special abilities


You were on level 4 of the Dungeon.
You visited 2 branches of the dungeon, and saw 5 of its levels.

You collected 193 gold pieces.

Inventory:

Hand Weapons
 a - a +0 war axe (weapon)
Missiles
 n - 4 javelins (quivered)
 v - 5 poisoned darts
Armour
 b - a +0 scale mail (worn)
 c - a +0 buckler (worn)
Wands
 l - a wand of iceblast (13)
Scrolls
 e - 2 scrolls of blinking {unknown}
 h - 2 scrolls of identify {unknown}
 i - a scroll of summoning {unknown}
 j - a scroll of noise {unknown}
 m - a scroll of teleportation {unknown}
 s - a scroll of enchant weapon {unknown}
Potions
 d - a potion of might
 f - 4 potions of heal wounds {unknown}
 g - a potion of attraction {unknown}
 k - a potion of degeneration {unknown}
 o - 3 potions of brilliance {unknown}
 p - a potion of magic {unknown}
 q - 2 potions of curing {unknown}
 r - a potion of berserk rage {unknown}
 t - a potion of haste {unknown}
 u - a potion of resistance {unknown}


   Skills:
 + Level 4.9 Fighting
 * Level 5.2 Axes
 - Level 4.0 Armour
 - Level 4.0 Shields


You had 4 spell levels left.
You didn't know any spells.
Your spell library was empty.

Dungeon Overview and Level Annotations

Branches:
Dungeon (4/15)             Temple (1/1) D:4

Altars:
Ashenzari
Cheibriados
Dithmenos
Elyvilon
Fedhas
Hepliaklqana
Kikubaaqudgha
Makhleb
Nemelex Xobeh
Okawaru
Qazlal
Ru
Uskayaw
Vehumet
Wu Jian
Yredelemnul
Zin
The Shining One


Innate Abilities, Weirdness & Mutations

You have a pair of horns on your head.
You reflexively headbutt those who attack you in melee.


Message History

You headbutt the hobgoblin!
You kill the hobgoblin!
No target in view!
No target in view!
There is a staircase to the Ecumenical Temple here.
You climb downwards.
Welcome to the Ecumenical Temple!
Found nine altars.
Found a staircase back to the Dungeon.
There is a staircase back to the Dungeon here.
There is an ornate altar of the Wu Jian Council here.
Found a burning altar of Makhleb.
There is an ornate altar of the Wu Jian Council here.
There is a staircase back to the Dungeon here.
There is a staircase back to the Dungeon here.
You climb upwards.
Welcome back to the Dungeon!
There is a staircase to the Ecumenical Temple here.
An ogre comes into view. It is wielding a +0 giant club.
The ogre shouts!
The ogre moves out of view.
An ogre is nearby!
An ogre is nearby!
An ogre is nearby!
The ogre barely misses you.
You hit the ogre. You headbutt the ogre!
The ogre is heavily wounded.
The ogre hits you with a +0 giant club!
You barely miss the ogre. Your headbutt misses the ogre.
The ogre is heavily wounded.
The ogre hits you with a +0 giant club!
You are too injured to fight recklessly!
You are too injured to fight recklessly!
You are too injured to fight recklessly!
You closely miss the ogre.
The ogre is heavily wounded.
The ogre barely misses you.
You hit the ogre but do no damage. You headbutt the ogre!
The ogre is almost dead.
You barely miss the ogre. Your headbutt misses the ogre.
The ogre is almost dead.
The ogre hits you with a +0 giant club!!
You die...

#. ...##### #.## #.....#
##... #...#.# #....#
#.#...# .....###....## #
## #...#...#..## ####.#.
#.....#....##
.....$.#####.>.#####..#
.#O@..#.....#.....##
.........#...#...#......
.....##.....###....#####
.... #...†#.#.#..... .
... #......#...#.## ##
.. .........#....... . .
.##..###...###.## # .
#..# #.# .# #.. ..


You could see an ogre.

Vanquished Creatures
  2 iguanas (D:4)
  5 adders
  6 dart slugs
  A ribbon worm (D:3)
  An orc (D:3)
  3 ball pythons
  6 bats
  3 endoplasms (D:2)
  4 giant cockroaches
  7 goblins
  5 hobgoblins
  A frilled lizard (D:3)
  6 kobolds
  4 rats
54 creatures vanquished.

Notes
Turn   | Place    | Note
-------+----------+-------------------------------------------
     0 | D:1      | CougarLife the Minotaur Fighter began the quest for the
                  | Orb.
     0 | D:1      | Reached XP level 1. HP: 19/19 MP: 0/0
   316 | D:1      | Reached XP level 2. HP: 26/26 MP: 1/1
   591 | D:1      | Noticed a golden eye
   595 | D:1      | Found a faded altar of an unknown god.
   610 | D:1      | Noticed a golden eye
   610 | D:1      | Noticed a shining eye
   610 | D:1      | Noticed a glass eye
   848 | D:2      | Reached skill level 3 in Axes
   852 | D:2      | Reached XP level 3. HP: 18/33 MP: 2/2
  1233 | D:2      | Reached skill level 4 in Axes
  1443 | D:2      | Reached XP level 4. HP: 40/40 MP: 3/3
  2005 | D:3      | Found an ancient bone altar of Kikubaaqudgha.
  2008 | D:3      | Found a glowing silver altar of Zin.
  2430 | D:4      | Reached skill level 5 in Axes
  2430 | D:4      | Reached XP level 5. HP: 32/47 MP: 4/4
  2525 | D:4      | Found a staircase to the Ecumenical Temple.
  2538 | Temple   | Entered the Ecumenical Temple
  2557 | D:4      | Noticed an ogre
  2565 | D:4      | Slain by an ogre

Illustrated notes

Levels and vault maps discovered:
D:1:      matt_arrival_los_fun, layout_basic,
          hellmonk_ecumenical_altar_watching_god
D:2:      layout_loops_ring, columned_hall_lemuel
D:3:      layout_basic, jmf_multi_god_temple2, serial_curves, eino_curves_03,
          eino_curves_03, eino_curves_01, eino_curves_04, grunt_ministairs_14,
          grunt_decor_junction
D:4:      layout_basic, lemuel_doored_altar, minmay_temple_entry_arrows
Temple:   compressed_dpeg_triangle_lava_temple

Skill      XL: |  1  2  3  4 |
---------------+-------------+-----
Armour         | 4 |  4.0
Shields        | 4 |  4.0
Axes           | 3 4 5 |  5.2
Fighting       | 4 |  4.9

Action                     |  1- 3 |  4- 6 || total
---------------------------+-------+-------++-------
  Melee: War axe           |    69 |    44 ||   113
         Headbutt          |     7 |     8 ||    15
 Armour: Scale mail        |    57 |    28 ||    85
  Dodge: Dodged            |    40 |    23 ||    63
  Block: Buckler           |    14 |     8 ||    22

Table legend: (Time is in decaauts)
 A = Elapsed time spent in this place.
 B = Non-inter-level travel time spent in this place.
 C = Inter-level travel time spent in this place.
 D = Time resting spent in this place.
 E = Time spent auto-exploring this place.
 F = Levels seen in this place.
 G = Mean time per level.
                   A        B        C        D        E       F      G
               +--------+--------+--------+--------+--------+-----+--------+
         Total |   2603 |   2531 |     72 |     94 |   2058 |   5 |  520.6 |
       Dungeon |   2588 |   2516 |     72 |     94 |   2058 |   4 |  647.0 |
        Temple |     15 |     15 |      0 |      0 |      0 |   1 |   15.0 |
               +--------+--------+--------+--------+--------+-----+--------+

Top non-repeatable levels by time:
     D:1: 834 daAuts
     D:2: 741 daAuts
     D:3: 701 daAuts
     D:4: 310 daAuts
  Temple: 15 daAuts
